 Seeded DCSS version 0.29.1-13-g9f3cf754e1 (webtiles) character file.

Game seed: 7128348360389546506 (custom seed)

95424 tkbsonic5 the Warrior (level 15, -3/146 HPs)
             Began as a Minotaur Fighter on Jan 26, 2023.
             Was a Follower of Uskayaw.
             Slain by a bog body (24 damage)
             ... while paralysed by a fenstrider witch
             ... on level 1 of the Swamp on Jan 28, 2023.
             The game lasted 01:07:17 (28816 turns).

tkbsonic5 the Warrior (Minotaur Fighter)           Turns: 28816, Time: 01:07:19

Health: -3/146     AC: 17    Str: 33    XL:     15   Next: 66%
Magic:  27/30      EV:  2    Int:  4    God:    Uskayaw [*.....]
Gold:   1226       SH:  0    Dex: 14    Spells: 14/14 levels left

rFire   . . .      SeeInvis .   B - +5 falchion (protect)
rCold   . . .      Faith    .   i - orb {*Rage}
rNeg    . . .      Spirit   .   L - +0 plate armour
rPois   +          Reflect  .   (helmet restricted)
rElec   .          Harm     .   (no cloak)
rCorr   .          Rampage  .   (no gloves)
Will    +....      Rage     20% (no boots)
Stlth   ..........              p - amulet of Beauty {RegenMP Drain rPois Regen+ MP+9}
HPRegen 1.14/turn               u - +4 ring of evasion
MPRegen 0.62/turn               I - +6 ring of strength

@: paralysed, lethally poisoned (-3 -> -8), about to teleport, on berserk
cooldown, very slow
A: horns 2, retaliatory headbutt, agile 1
a: Renounce Religion, Stomp


You were on level 1 of the Swamp.
You worshipped Uskayaw.
Uskayaw was aware of your devotion.
You visited 4 branches of the dungeon, and saw 22 of its levels.

You collected 1523 gold pieces.
You spent 297 gold pieces at shops.

Inventory:

Hand Weapons
 d - the +0 rapier of the Moon {elec, *Slow rN++ Dex+3}
   (You found it on level 15 of the Dungeon)

   It occasionally discharges a powerful burst of electricity upon striking a
   foe.
   Dex:       It affects your dexterity (+3).
   rN:        It greatly protects you from negative energy.
   *Slow:     It may slow you when you take damage.
 j - a +1 scimitar of flaming
 v - the +8 dagger of Ashenzari {vorpal, rElec rF+}
   (You found it on level 6 of the Dungeon)

   It inflicts extra damage upon your enemies.
   rF:        It protects you from fire.
   rElec:     It insulates you from electricity.
 B - a +5 falchion of protection (weapon)
 K - a +2 flail of venom
Missiles
 o - 18 poisoned darts
 F - 8 boomerangs (quivered)
 G - 3 boomerangs of dispersal
Armour
 b - a +2 kite shield
 c - a +2 ring mail of poison resistance
 i - an orb of wrath (worn)
 L - a +0 plate armour (worn)
Jewellery
 e - a ring of ice
 k - a ring of fire
 p - the amulet of Beauty (around neck) {RegenMP Drain rPois Regen+ MP+9}
   (You acquired it on level 3 of the Dungeon)

   [amulet of magic regeneration]

   It increases your rate of magic regeneration.
   rPois:     It protects you from poison.
   MP:        It affects your magic capacity (+9).
   Regen:     It increases your rate of health regeneration.
   Drain:     It drains your maximum health when unequipped.
 q - a ring of ice
 r - an amulet of the acrobat
 s - a +6 ring of intelligence
 t - a ring of fire
 u - a +4 ring of evasion (left hand)
 w - a ring of magical power
 I - a +6 ring of strength (right hand)
 J - a ring of poison resistance
Wands
 g - a wand of digging (20)
Scrolls
 h - 2 scrolls of identify
 l - 2 scrolls of fog
 x - 3 scrolls of fear
 z - a scroll of silence
 A - 4 scrolls of teleportation
 C - 4 scrolls of amnesia
Potions
 f - 8 potions of curing
 m - 2 potions of flight
 D - 4 potions of ambrosia
 E - 4 potions of magic
 H - 2 potions of cancellation
 M - a potion of berserk rage
 P - a potion of brilliance
Miscellaneous
 a - a phial of floods


   Skills:
 * Level 16.8 Fighting
 - Level 1.9(8.7) Short Blades
 - Level 14.3(14.4) Long Blades
 - Level 7.7 Throwing
 + Level 16.0 Armour
 + Level 11.4 Dodging
 - Level 4.1 Shields
 * Level 9.8 Invocations
 - Level 6.7 Evocations


You had 14 spell levels left.
You didn't know any spells.
Your spell library contained the following spells:

 Spells                   Type           Power      Damage    Failure   Level
 Apportation              Tloc           0%         N/A       95%         1
 Magic Dart               Conj           0%         1d3       95%         1
 Call Imp                 Summ           0%         N/A       98%         2
 Ensorcelled Hibernation  Hex/Ice        0%         N/A       98%         2
 Passwall                 Tmut/Erth      0%         N/A       98%         2
 Scorch                   Fire           0%         2d5       98%         2
 Gell's Gravitas          Tloc           0%         N/A       100%        3
 Ignite Poison            Fire/Tmut/Pois 0%         N/A       100%        3
 Mephitic Cloud           Conj/Pois/Air  0%         N/A       100%        3
 Swiftness                Air            0%         N/A       100%        3
 Teleport Other           Tloc           0%         N/A       100%        3
 Corpse Rot               Necr/Pois/Air  0%         N/A       100%        4
 Dispel Undead            Necr           0%         3d6       100%        4
 Flame Wave               Conj/Fire      0%         2d4       100%        4
 Summon Ice Beast         Ice/Summ       0%         N/A       100%        4
 Alistair's Intoxication  Tmut/Pois      0%         N/A       100%        5
 Freezing Cloud           Conj/Ice/Air   0%         6-21      100%        5
 Summon Mana Viper        Hex/Summ       0%         N/A       100%        5
 Death Channel            Necr           0%         N/A       100%        6
 Dispersal                Tloc           0%         N/A       100%        6
 Summon Cactus Giant      Summ           0%         N/A       100%        6
 Monstrous Menagerie      Summ           0%         N/A       100%        7


Dungeon Overview and Level Annotations

Branches:
Dungeon (15/15) Temple (1/1) D:4 Lair (5/5) D:11 Swamp (1/4) Lair:3 Spider (0/4) Lair:3 Slime (0/5) Lair:5 Orc (0/2) D:10 Vaults (0/5) D:13 D:14 Depths (0/4) D:15

Altars:
Ashenzari
Cheibriados
Elyvilon
Fedhas
Gozag
Hepliaklqana
Kikubaaqudgha
Makhleb
Nemelex Xobeh
Qazlal
Ru
Sif Muna
Trog
Uskayaw
Vehumet
Wu Jian
Xom
Yredelemnul
Zin
The Shining One

Shops:
D:9 ?   D:10 ([   D:11 *

Annotations:
Lair:2 1 runed translucent door, exclusion: 4 oklob plants, hawkwood's ghost, journeyman DgAr
Lair:4 2 transporters


Innate Abilities, Weirdness & Mutations

You have a pair of horns on your head.
You reflexively headbutt those who attack you in melee.
You are agile. (Dex +4, Str/Int -1)


Message History

The fenstrider witch is severely wounded.
You feel sick.
The bog body seems less confused.
The fenstrider witch completely misses you.
The fenstrider witch kicks you.
You closely miss the fenstrider witch.
Your headbutt misses the fenstrider witch.
The fenstrider witch is severely wounded.
You feel sick.
The fenstrider witch gestures at you while chanting.
Your body is wracked with pain!
* * * LOW HITPOINT WARNING * * *
As you read the scroll of teleportation, it crumbles to dust.
You feel strangely unstable.
You feel sick.
The fenstrider witch gestures at you while chanting.
You barely resist.
You stomp with the beat, sending a shockwave through the revellers around you!
The bog body is moderately damaged.
The fenstrider witch is severely wounded.
You can no longer stomp with the beat.
You feel sick.
The fenstrider witch gestures at you while chanting.
The toxic sludge hits you.
You are more poisoned.
You partially resist.
* * * LOW HITPOINT WARNING * * *
Splash!
You fall into the toxic bog.
Moving in this stuff is going to be slow.
The bog body touches you.
* * * LOW HITPOINT WARNING * * *
The bog body freezes you!!
* * * LOW HITPOINT WARNING * * *
You can now stomp with the beat.
You feel much better.
You fester in the toxic bog!
You partially resist.
You are more poisoned.
You feel very sick.
The fenstrider witch points at you and mumbles some strange words.
You suddenly lose the ability to move!
The bog body touches you!
* * * LOW HITPOINT WARNING * * *
The bog body freezes you!!
You die...

# .##. ~. .#....# ..
#.....# . ♣.
......#.#
♣♣§♣♣..#.....
♣~~♣§~.......
♣♣.~♣~..~.♣
♣♣♣♣..♣~n@.~♣ ♣.♣.♣
♣...$~..H♣...♣ ..♣~♣
....♣.~§~♣♣~♣♣♣~~~.♣
. ♣.~..♣♣♣♣♣..~~~♣♣♣
♣♣....♣♣♣....~~.~.
♣♣♣...♣♣.~~....~♣
♣.~~♣..~~~~.~~♣
♣♣~~~~~~~~~~~.♣
♣.♣♣♣.~~~...~.♣


You could see a fenstrider witch and a bog body.

Vanquished Creatures
  Rupert (D:13)
  Nessos (D:14)
  A bunyip (Swamp:1)
  An ettin (D:15)
  2 boulder beetles
  Erolcha (D:10)
  6 hydras
  Erica (D:8)
  A death knight (D:15)
  5 centaur warriors
  2 two-headed ogres
  2 alligators (Swamp:1)
  7 death yaks
  Urug (D:13)
  A fire crab (Lair:5)
  A goliath frog (Swamp:1)
  A deep troll (D:15)
  A wizard (D:14)
  28 ugly things
  3 manticores
  2 deep elf pyromancers
  5 cyclopes
  19 elephants
  Joseph (D:8)
  7 black mambas
  2 molten gargoyles
  A gargoyle (D:14)
  12 cane toads
  6 rime drakes
  9 komodo dragons
  2 unseen horrors
  A freezing wraith (D:12)
  A tengu conjurer (D:15)
  4 trolls
  2 polar bears (Lair:4)
  A queen bee (Lair:2)
  3 meliai
  10 blink frogs
  A hornet (D:10)
  4 slime creatures (D:13)
  A culicivora (shapeshifter) (D:13)
  2 jumping spiders (Lair:3)
  2 culicivoras (Lair:3)
  3 shadows
  57 yaks
  5 wraiths
  A vampire (D:14)
  11 wyverns
  16 humans (D:13)
  6 steam dragons
  5 basilisks
  Grum (D:9)
  Edmund (D:6)
  3 redbacks (Lair:3)
  Menkaure (D:7)
  20 vampire mosquitoes
  2 swamp worms (Swamp:1)
  2 acid dragons
  4 hell hounds (Lair:5)
  19 water moccasins
  A swamp drake (Swamp:1)
  7 orc warriors
  A black bear (D:8)
  5 ice beasts
  2 sky beasts
  35 wolves
  16 centaurs
  13 bullfrogs
  2 necrophages (D:6)
  3 scorpions
  21 wights
  40 killer bees
  2 howler monkeys (D:11)
  A crimson imp (D:10)
  4 lava snakes (Lair:5)
  3 orc priests
  3 hounds
  4 jellies
  A gnoll bouda (D:10)
  2 iguanas (D:6)
  10 orc wizards
  6 hell rats
  5 gnolls (D:10)
  4 adders
  A river rat (Lair:2)
  A shadow imp (D:5)
  A white imp (D:10)
  4 ufetubi
  4 dart slugs
  35 orcs
  A bat (D:1)
  2 endoplasms
  3 giant cockroaches
  3 hobgoblins
  3 jackals (D:1)
  A quokka (D:4)
  9 ball pythons
  5 frilled lizards
  6 goblins
  13 kobolds
  6 rats
611 creatures vanquished.

Vanquished Creatures (collateral kills)
  A fire dragon (Lair:5)
  A boulder beetle (D:15)
  A tengu warrior (D:15)
  A deep troll (D:15)
  2 wizards (D:15)
  A freezing wraith (D:15)
  A basilisk (D:15)
8 creatures vanquished.

Vanquished Creatures (others)
  A killer bee (Lair:2)
  25 fungi
  21 plants
  10 withered plants (D:14)
57 creatures vanquished.

Grand Total: 676 creatures vanquished

Notes
Turn   | Place    | Note
-------+----------+-------------------------------------------
     0 | D:1      | tkbsonic5 the Minotaur Fighter began the quest for the Orb.
     0 | D:1      | Reached XP level 1. HP: 19/19 MP: 0/0
   206 | D:1      | Reached XP level 2. HP: 26/27 MP: 1/1
   567 | D:1      | Reached XP level 3. HP: 32/33 MP: 2/2
  2095 | D:3      | Found a faded altar of an unknown god.
  2480 | D:3      | Identified a scroll of acquirement
  2480 | D:3      | Acquired the amulet of Beauty {RegenMP Drain rPois Regen+
                  | MP+9}
  2531 | D:3      | You fall into a shaft and drop 1 floor!
  2531 | D:4      | Found a radiant altar of Vehumet.
  2536 | D:4      | Found a blossoming altar of Fedhas.
  2544 | D:4      | Found a sacrificial altar of Ru.
  2557 | D:4      | Noticed a scorpion
  2565 | D:4      | Killed a scorpion
  2566 | D:4      | Reached XP level 4. HP: 41/41 MP: 3/3
  2707 | D:4      | Found a shimmering blue altar of Sif Muna.
  2713 | D:4      | Noticed an ice beast
  2727 | D:4      | Killed an ice beast
  2728 | D:4      | Reached skill level 5 in Long Blades
  2728 | D:4      | Reached XP level 5. HP: 8/47 MP: 4/4
  3001 | D:4      | Reached skill level 5 in Fighting
  3001 | D:4      | Reached skill level 5 in Armour
  3043 | D:4      | Gained mutation: You are agile. (Dex +4, Str/Int -1)
                  | [potion of mutation]
  3061 | D:4      | Reached XP level 6. HP: 56/56 MP: 5/5
  3090 | D:4      | Noticed an ice beast
  3098 | D:4      | Killed an ice beast
  3286 | D:4      | Found a staircase to the Ecumenical Temple.
  4139 | D:5      | Entered Level 5 of the Dungeon
  4917 | D:5      | Reached XP level 7. HP: 62/62 MP: 6/6
  5851 | D:6      | Found an opulent altar of Gozag.
  6039 | D:6      | Reached XP level 8. HP: 55/71 MP: 7/7
  6137 | D:6      | Noticed Edmund
  6149 | D:6      | Killed Edmund
  6479 | D:6      | Identified the +8 dagger of Ashenzari {vorpal, rElec rF+}
  7694 | D:3      | Found a shimmering altar of Xom.
  7694 | D:3      | Noticed an angel
  7696 | D:3      | Found a glowing silver altar of Zin.
  8079 | D:7      | Reached skill level 1 in Short Blades
  8154 | D:7      | Noticed Menkaure
  8161 | D:7      | Killed Menkaure
  8187 | D:7      | Reached XP level 9. HP: 81/81 MP: 8/8
  8193 | D:7      | Reached skill level 10 in Long Blades
  8452 | D:7      | Found a sparkling altar of Nemelex Xobeh.
  9240 | Temple   | Entered the Ecumenical Temple
  9283 | Temple   | Became a worshipper of Uskayaw the Reveller
  9379 | D:8      | Reached * piety under Uskayaw
  9381 | D:8      | Reached ** piety under Uskayaw
  9448 | D:8      | Noticed Erica
  9448 | D:8      | Noticed Joseph
  9554 | D:8      | Reached *** piety under Uskayaw
  9557 | D:8      | Reached **** piety under Uskayaw
  9622 | D:8      | Reached ***** piety under Uskayaw
  9811 | D:8      | Killed Joseph
  9884 | D:8      | Identified the +0 pair of boots of the Ancient Artists
                  | {+Blink rCorr Dex-3}
 10048 | D:8      | Found a burning altar of Makhleb.
 10089 | D:8      | Reached XP level 10. HP: 91/91 MP: 9/9
 10402 | D:8      | Killed Erica
 10970 | D:9      | Reached skill level 10 in Fighting
 10970 | D:9      | Reached skill level 10 in Armour
 10990 | D:9      | Found Tuoch's Magic Scroll Shop.
 11008 | D:9      | Bought a scroll of fear for 68 gold pieces
 11008 | D:9      | Bought a scroll of teleportation for 51 gold pieces
 11008 | D:9      | Bought a scroll of teleportation for 51 gold pieces
 11008 | D:9      | Bought a scroll of blinking for 127 gold pieces
 11415 | D:9      | Noticed Grum
 11425 | D:9      | Killed Grum
 11782 | D:9      | Noticed a two-headed ogre
 11782 | D:9      | Noticed a white ugly thing
 11786 | D:9      | Killed a two-headed ogre
 11787 | D:9      | Reached XP level 11. HP: 101/101 MP: 10/10
 11790 | D:9      | Killed a white ugly thing
 12422 | D:10     | Entered Level 10 of the Dungeon
 12422 | D:10     | Found Sasuhon's Armour Shop.
 12422 | D:10     | Found a staircase to the Orcish Mines.
 12422 | D:10     | Found Siguaf's Weapon Shop.
 12664 | D:10     | Found a white marble altar of Elyvilon.
 12781 | D:10     | Noticed a deep elf pyromancer
 12791 | D:10     | Killed a deep elf pyromancer
 12792 | D:10     | Reached skill level 1 in Throwing
 12792 | D:10     | Reached skill level 1 in Dodging
 13044 | D:10     | Noticed Erolcha
 13049 | D:10     | Killed Erolcha
 14118 | D:11     | Found Gifu's Demolitions Depot.
 14140 | D:11     | Found a staircase to the Lair.
 14242 | D:11     | Noticed a two-headed ogre
 14256 | D:11     | Killed a two-headed ogre
 14713 | Lair:1   | Entered Level 1 of the Lair of Beasts
 14988 | Lair:1   | Reached skill level 5 in Dodging
 15327 | Lair:1   | Reached XP level 12. HP: 105/111 MP: 11/11
 15328 | Lair:1   | Reached skill level 5 in Throwing
 15341 | Lair:1   | Reached ****** piety under Uskayaw
 15716 | Lair:2   | Noticed a death yak
 15717 | Lair:2   | Noticed a death yak
 15717 | Lair:2   | Noticed a death yak
 15720 | Lair:2   | Noticed a death yak
 15729 | Lair:1   | Killed a death yak
 15811 | Lair:1   | Killed a death yak
 15934 | Lair:1   | Killed a death yak
 15937 | Lair:1   | Killed a death yak
 16323 | Lair:2   | Noticed a boulder beetle
 16496 | Lair:2   | Killed a boulder beetle
 16549 | Lair:2   | Found a hide-covered altar of Uskayaw.
 16560 | Lair:2   | Found an ornate altar of the Wu Jian Council.
 16714 | Lair:2   | Found a runed translucent door.
 16715 | Lair:2   | Noticed hawkwood's ghost (journeyman DgAr)
 16941 | Lair:2   | Noticed a death yak
 16950 | Lair:2   | Killed a death yak
 16953 | Lair:2   | Noticed a death yak
 16963 | Lair:2   | Killed a death yak
 16987 | Lair:2   | Noticed a death yak
 16999 | Lair:2   | Killed a death yak
 17342 | Lair:2   | Reached XP level 13. HP: 107/119 MP: 12/12
 17445 | Lair:2   | Reached skill level 1 in Invocations
 18431 | Lair:3   | Found a staircase to the Swamp.
 18474 | Lair:3   | Reached skill level 1 in Evocations
 19027 | Lair:3   | Found a hole to the Spider Nest.
 19778 | Lair:4   | Found a transporter.
 19809 | Lair:4   | Found a transporter.
 19960 | Lair:4   | Reached skill level 5 in Invocations
 21002 | Lair:5   | Entered Level 5 of the Lair of Beasts
 21220 | Lair:5   | Reached XP level 14. HP: 112/132 MP: 17/17
 21301 | Lair:5   | Found a staircase to the Slime Pits.
 21981 | Lair:5   | Reached skill level 5 in Evocations
 22034 | Lair:5   | Reached skill level 15 in Armour
 22034 | Lair:5   | Reached skill level 10 in Dodging
 22735 | Lair:5   | Found a large runed translucent door.
 22836 | Lair:5   | Found a large runed translucent door.
 23345 | D:12     | Reached skill level 15 in Fighting
 24052 | D:12     | Found a white marble altar of Elyvilon.
 25768 | D:14     | Noticed Urug
 25768 | D:14     | Noticed Rupert
 25768 | D:14     | Noticed Nessos
 25768 | D:14     | Found a gate to the Vaults.
 25941 | D:13     | Killed Rupert
 25992 | D:13     | Killed Urug
 26280 | D:14     | Killed Nessos
 26281 | D:14     | Reached XP level 15. HP: 86/141 MP: 19/19
 26900 | D:14     | Found an ancient bone altar of Kikubaaqudgha.
 27315 | D:15     | Entered Level 15 of the Dungeon
 27862 | D:15     | Found a staircase to the Depths.
 27957 | D:15     | Identified the +0 rapier of the Moon {elec, *Slow rN++
                  | Dex+3}
 28538 | Swamp:1  | Entered Level 1 of the Swamp
 28613 | Swamp:1  | Identified the +5 rapier of Ashenzari's Regard {flame,
                  | Contam Str+3 SInv Stlth+}
 28800 | Swamp:1  | Noticed a fenstrider witch
 28816 | Swamp:1  | Paralysed by a fenstrider witch for 3 turns
 28816 | Swamp:1  | Slain by a bog body

Illustrated notes

Levels and vault maps discovered:
D:1:      kilobyte_arrival_exit_the_forest, layout_rooms
D:2:      layout_basic
D:3:      layout_basic, grunt_temple_overflow_order_and_chaos_1,
          hellmonk_ecumenical_altar_slurped_away, minmay_puff
D:4:      layout_layer_cave, amcnicky_altar_gilded,
          grunt_temple_overflow_diamond, minmay_temple_entry_glassed_door
D:5:      layout_basic, minivault_4
D:6:      layout_layer_cave, grunt_gozag_breadcrumbs, uniq_edmund
D:7:      layout_basic, nemelex_spade_bored_becter, uniq_menkaure
D:8:      layout_loops_ring, mainiacjoe_overflow_alcove_1,
          serial_co_window_serial, co_window_of_opportunity_a,
          co_window_paths_a, co_window_paths_b, co_window_of_opportunity_a,
          co_window_cross_1, co_window_corner_a, co_window_paths_b,
          co_window_cross_1, co_window_paths_a, co_window_of_opportunity_b,
          co_window_2corner, co_window_of_opportunity_b, glass_columns_a,
          uniq_erica, uniq_joseph
D:9:      layout_small_grid, serial_co_window_serial, co_window_cross_1,
          co_window_corner_a, co_window_paths_a, co_window_paths_b,
          co_window_corner_a, co_window_paths_a, co_window_corner_a,
          co_window_corner_a, co_window_paths_a, co_window_paths_c,
          co_window_unsneaky_path_a, co_window_2corner, co_window_broadway_b,
          co_window_unsneaky_path_e, co_window_broadway_b, co_window_paths_d,
          glass_columns_a, serial_shops, nicolae_shop_statue_plus,
          grunt_decor_arrowhead, minmay_between, uniq_grum
D:10:     layout_basic, general_overflow_altar, orc_david_3, interstate_on_off,
          minmay_fire_ice_demons, uniq_erolcha
D:11:     layout_cave_pools, lair_entry_dummy, nicolae_blasting_shop
D:12:     nicolae_cairo_tiling, layout_basic, hangedman_abyss_or_decor_stabs,
          elyvilon_altar_3
D:13:     layout_basic
D:14:     layout_loops_ring, david_vaults_3, serial_bayou_shore_b,
          kiku_gazebo_garden_becter
D:15:     hangedman_depths_entry_civil_slaughter, layout_loops_cross
Temple:   nicolae_temple_hex_pool
Lair:1:   layout_big_grid, minivault_25
Lair:2:   hangedman_what_comes_after_a, layout_regular_city,
          ebering_ghost_reflecting_pool, nzn_masters_of_martial_movement,
          infiniplex_staircase_pool_2
Lair:3:   layout_roguey, swamp_mist, nicolae_spider_entry_tight_spaces
Lair:4:   gammafunk_worm_tunnel, layout_regular_city,
          chequers_serial_rivers_small_b
Lair:5:   cheibrodos_lair_end_hotspot, layout_cave_pods, slime_entry_1,
          enter_volcano_1, uniq_rupert
Swamp:1:  layout_falls_marsh, serial_swamp_ruin, hangedman_swamp_ruin_wall,
          evilmike_swamp_ruin_house_1, evilmike_swamp_ruin_rubble_1

Skill      XL: |  1  2  3  4  5  6  7  8  9 10 11 12 13 14 15 |
---------------+----------------------------------------------+-----
Long Blades    | 3 4 5 6 8 9 12 14 | 14.3
Fighting       | 4 5 6 7 9 10 11 12 14 15 16 | 16.8
Shields        | 4 |  4.1
Armour         | 4 5 6 7 9 10 12 14 15 16 | 16.0
Short Blades   | 1 |  1.9
Throwing       | 4 7 |  7.7
Dodging        | 5 8 9 10 11 | 11.4
Invocations    | 5 7 9 |  9.8
Evocations     | 4 6 |  6.7

Action                   |  1- 3 |  4- 6 |  7- 9 | 10-12 | 13-15 || total
-------------------------+-------+-------+-------+-------+-------++-------
Melee: Long sword        |   104 |    78 |    87 |       |       ||   269
       Headbutt          |    13 |    11 |    28 |   127 |   269 ||   448
       Dagger            |       |       |    15 |       |       ||    15
       Falchion          |       |       |   101 |   496 |   878 ||  1475
       Scimitar          |       |       |       |       |    30 ||    30
Throw: Dart              |       |       |     7 |     5 |    32 ||    44
       Throwing net      |       |       |     1 |       |       ||     1
       Boomerang         |       |       |       |    56 |    87 ||   143
Invok: Stomp             |       |       |       |     1 |    14 ||    15
       Line Pass         |       |       |       |       |     5 ||     5
       Grand Finale      |       |       |       |       |     1 ||     1
Evoke: Wand              |       |       |       |    12 |    18 ||    30
       Phial of floods   |       |       |       |       |     2 ||     2
  Use: Scroll            |     2 |     6 |     6 |     1 |    24 ||    39
       Potion            |       |     8 |     3 |     7 |     9 ||    27
 Stab: Paralysed         |       |       |     5 |    40 |    89 ||   134
       Invisible         |       |       |     2 |       |       ||     2
       Confused          |       |       |       |       |     1 ||     1
       Petrified         |       |       |       |       |     4 ||     4
Armor: Scale mail        |    38 |       |       |       |       ||    38
       Chain mail        |    11 |    55 |    66 |    71 |       ||   203
       Plate armour      |       |       |       |    58 |   377 ||   435
Dodge: Dodged            |    45 |    42 |    73 |   245 |   576 ||   981
Block: Buckler           |     8 |       |       |       |       ||     8
